 Dungeon Crawl Stone Soup version 0.29.1-15-g9cfb28693d (webtiles) character file.

Game seed: 6194150392672189263

1621 javelincjr the Magician (level 8, -1/61 HPs)
             Began as a Demonspawn Hedge Wizard on Apr 3, 2023.
             Was a Priest of Qazlal.
             Slain by an acid dragon (5 damage)
             ... on level 6 of the Dungeon on Apr 4, 2023.
             The game lasted 00:42:28 (9562 turns).

javelincjr the Magician (Demonspawn Hedge Wizard)   Turns: 9562, Time: 00:42:29

Health: -1/61      AC: -2    Str: 13    XL:     8   Next: 64%
Magic:  2/16       EV: 13    Int: 15    God:    Qazlal [***...]
Gold:   570        SH:  7    Dex: 13    Spells: 12/17 levels left

rFire   . . .      SeeInvis +   w - +2 long sword (freeze)
rCold   . . .      Faith    .   (no shield)
rNeg    . . .      Spirit   .   b - +1 robe
rPois   .          Reflect  .   (helmet unavailable)
rElec   .          Harm     .   (no cloak)
rCorr   .          Rampage  .   (no gloves)
Will    .....                   (no boots)
Stlth   +.........              (no amulet)
HPRegen 0.20/turn               (no ring)
MPRegen 0.15/turn               (no ring)

@: corroded, studying Necromancy
A: antennae 3, thin metallic scales 1, condensation shield
a: Renounce Religion, Upheaval, Elemental Force


You were on level 6 of the Dungeon.
You worshipped Qazlal.
Qazlal was most pleased with you.
You visited 1 branch of the dungeon, and saw 6 of its levels.
You also visited: Ossuary.

You collected 570 gold pieces.

Inventory:

Hand Weapons
 a - a +0 dagger
 w - a +2 long sword of freezing (weapon)
Missiles
 h - 16 poisoned darts
 r - a throwing net
Armour
 b - a +1 robe (worn)
 c - a +0 hat
Wands
 v - a wand of mindburst (7)
 y - a wand of flame (21)
Scrolls
 g - a scroll of vulnerability
 j - a scroll of amnesia {unknown}
 l - 2 scrolls of brand weapon
 m - 2 scrolls of teleportation
 o - a scroll of torment {unknown}
 p - 2 scrolls of noise {unknown}
 t - a scroll of acquirement {unknown}
 z - a scroll of blinking {unknown}
 C - a scroll of magic mapping
Potions
 d - 2 potions of magic
 e - 2 potions of cancellation
 f - 2 potions of brilliance
 i - a potion of haste {unknown}
 k - 3 potions of flight {unknown}
 n - 2 potions of attraction {unknown}
 q - 4 potions of heal wounds
 s - 4 potions of curing {unknown}
 u - 2 potions of might {unknown}
 x - a potion of berserk rage {unknown}
 A - a potion of degeneration {unknown}
 B - a potion of ambrosia {unknown}


   Skills:
 * Level 4.7 Fighting
 + Level 1.0 Long Blades
 + Level 3.1 Armour
 + Level 3.4 Dodging
 - Level 1.8 Stealth
 * Level 5.3 Spellcasting
 + Level 3.4 Conjurations
 + Level 3.6 Summonings
 + Level 2.3 Necromancy
 + Level 3.3 Translocations
 + Level 1.3 Invocations


You had 12 spell levels left.
You knew the following spells:

 Your Spells              Type           Power      Damage    Failure   Level
a - Magic Dart            Conj           56%        1d5       3%          1
b - Call Imp              Summ           14%        N/A       5%          2
c - Blink                 Tloc           26%        N/A       6%          2

Your spell library contained the following spells:

 Spells                   Type           Power      Damage    Failure   Level
 Sublimation of Blood     Necr           11%        N/A       9%          2
 Slow                     Hex            16%        N/A       16%         1
 Conjure Flame            Conj/Fire      9%         6-21      22%         3
 Stone Arrow              Conj/Erth      18%        3d8       22%         3
 Ensorcelled Hibernation  Hex/Ice        8%         N/A       24%         2
 Wereblood                Tmut           4%         N/A       24%         2
 Mephitic Cloud           Conj/Pois/Air  7%         N/A       28%         3
 Ozocubu's Armour         Ice            4%         N/A       43%         3
 Spider Form              Tmut/Pois      4%         N/A       43%         3
 Animate Armour           Summ/Erth      18%        N/A       58%         4
 Anguish                  Hex/Necr       3%         N/A       67%         4
 Ozocubu's Refrigeration  Ice            2%         4d7       100%        7
 Summon Hydra             Summ           7%         N/A       100%        7
 Lehudib's Crystal Spear  Conj/Erth      4%         10d3      100%        8


Dungeon Overview and Level Annotations

Branches:
Dungeon (6/15)            Ossuary (visited)
 Temple: D:4-7

Altars:
Gozag
Nemelex Xobeh
Qazlal
Sif Muna

Shops:
D:4 [


Innate Abilities, Weirdness & Mutations

You have a pair of large antennae on your head. (SInv)
You are partially covered in thin metallic scales. (AC +2)
A meltable shield of frost defends you. (SH +4)


Message History

Okay, then.
Casting: Call Imp (safe; 5% risk of failure)
Confirm with . or Enter, or press ? or * to list all spells.
Aiming: Magic Dart (safe; 3% risk of failure)
Press: ? - help, Shift-Dir - straight line, f - acid dragon
Aim: an acid dragon (heavily wounded, ally target, 100% to hit)
The magic dart hits the acid dragon.
The acid dragon is heavily wounded.
You block the acid dragon's attack. The acid dragon claws you.
* * * LOW HITPOINT WARNING * * *
Your shadow imp barely misses the acid dragon.
Casting: Magic Dart (safe; 3% risk of failure)
Confirm with . or Enter, or press ? or * to list all spells.
Aiming: Magic Dart (safe; 3% risk of failure)
Press: ? - help, Shift-Dir - straight line, f/p - acid dragon
Aim: an acid dragon (heavily wounded, ally target, 100% to hit)
The magic dart hits the acid dragon.
The acid dragon is severely wounded.
The acid dragon spits acid at you. You block the splash of acid.
Your shadow imp barely misses the acid dragon.
Casting: Magic Dart (safe; 3% risk of failure)
Confirm with . or Enter, or press ? or * to list all spells.
Aiming: Magic Dart (safe; 3% risk of failure)
Press: ? - help, Shift-Dir - straight line, f/p - acid dragon
Aim: an acid dragon (severely wounded, catching its breath, ally target, 100% to hit)
The magic dart hits the acid dragon.
The acid dragon is severely wounded.
The acid dragon bites you!
* * * LOW HITPOINT WARNING * * *
You block the acid dragon's attack.
Your shadow imp hits the acid dragon.
Casting: Magic Dart (safe; 3% risk of failure)
Confirm with . or Enter, or press ? or * to list all spells.
Aiming: Magic Dart (safe; 3% risk of failure)
Press: ? - help, Shift-Dir - straight line, f/p - acid dragon
Aim: an acid dragon (almost dead, catching its breath, ally target, 100% to hit)
The magic dart hits the acid dragon but does no damage.
The acid dragon is almost dead.
The acid dragon bites you.
You die...

#####.#### # ##..
#........# # ##...
#.#.#.##.# # #....
#.#.#.##.# #...
#.#.#.##.# #.. #.#.#.##.#
##.## #.#.#.##.## #
####..5#####.#.#.#...####
+......D@......†........'
####...#########.#...####
##.## #.##.## # #. #.####
#. #.## #. #..# .# ##.# #
#.# #.#


You could see an acid dragon (catching breath, ally target) and a friendly
shadow imp (summoned).

Vanquished Creatures
  A sky beast (D:6)
  A black bear (D:6)
  2 ogres
  A phantom (D:6)
  A necrophage (D:5)
  A scorpion (D:6)
  2 elf skeletons (D:5)
  A hound (D:5)
  3 jellies
  3 human skeletons (D:5)
  Ijyb (D:4)
  An iguana (D:6)
  3 orc wizards (D:5)
  6 mummies (Ossuary)
  5 adders
  An ufetubus (D:5)
  5 worms
  A dart slug (D:1)
  7 orcs
  3 ball pythons
  2 bats
  5 endoplasms
  6 giant cockroaches
  2 gnoll zombies (Ossuary)
  15 goblins
  9 hobgoblins
  7 kobolds
  3 quokkas
  4 frilled lizards
  A hobgoblin zombie (Ossuary)
  2 kobold zombies (Ossuary)
  3 orc zombies
  10 rats
118 creatures vanquished.

Vanquished Creatures (collateral kills)
  A black bear (D:4)
  3 scorpions
  A hound (D:5)
  An iguana (D:4)
  Terence (D:3)
  2 mummies (Ossuary)
  Robin (D:2)
  A white imp (D:6)
  3 dart slugs
  2 orcs
  2 hobgoblins
  6 kobolds
  2 quokkas (D:4)
  A frilled lizard (D:1)
  An orc zombie (Ossuary)
  A rat (D:1)
29 creatures vanquished.

Vanquished Creatures (others)
  13 plants
13 creatures vanquished.

Grand Total: 160 creatures vanquished

Notes
Turn   | Place    | Note
-------+----------+-------------------------------------------
     0 | D:1      | javelincjr the Demonspawn Hedge Wizard began the quest for
                  | the Orb.
     0 | D:1      | Reached XP level 1. HP: 13/13 MP: 4/4
    88 | D:1      | Reached skill level 1 in Translocations
   114 | D:1      | Gained mutation: You have a pair of small antennae on your
                  | head. [demonic ancestry]
   114 | D:1      | Reached XP level 2. HP: 5/19 MP: 0/6
   172 | D:1      | Learned a level 2 spell: Call Imp
   175 | D:1      | Learned a level 2 spell: Blink
  1285 | D:1      | Gained mutation: A meltable shield of frost defends you.
                  | (SH +4) [demonic ancestry]
  1285 | D:1      | Reached XP level 3. HP: 25/25 MP: 2/7
  1898 | D:2      | Noticed Robin
  1927 | D:2      | Reached skill level 1 in Fighting
  2120 | D:2      | Found a faded altar of an unknown god.
  2204 | D:2      | Prayed at the altar of an unknown god.
  2204 | D:2      | Became a worshipper of Qazlal Stormbringer
  2204 | D:2      | Reached * piety under Qazlal
  2605 | D:2      | Reached skill level 1 in Armour
  2757 | D:2      | Killed Robin
  2758 | D:2      | Gained mutation: You are partially covered in thin metallic
                  | scales. (AC +2) [demonic ancestry]
  2758 | D:2      | Reached XP level 4. HP: 31/32 MP: 3/9
  3088 | D:3      | You fall into a shaft and drop 1 floor!
  3183 | D:3      | Noticed Terence
  3475 | D:3      | Found a sparkling altar of Nemelex Xobeh.
  3496 | D:3      | Killed Terence
  4008 | D:3      | Gained mutation: You have a pair of antennae on your head.
                  | [demonic ancestry]
  4008 | D:3      | Reached XP level 5. HP: 38/38 MP: 7/10
  5201 | D:4      | Noticed Ijyb
  5658 | D:4      | Found Jeaneyss's Antique Armour Boutique.
  5660 | D:4      | Killed Ijyb
  5949 | D:4      | Gained mutation: You have a pair of large antennae on your
                  | head. (SInv) [demonic ancestry]
  5949 | D:4      | Reached XP level 6. HP: 23/46 MP: 5/11
  6214 | D:4      | Reached ** piety under Qazlal
  6275 | D:4      | Reached skill level 4 in Spellcasting
  6442 | D:4      | Reached XP level 7. HP: 26/52 MP: 2/13
  6712 | D:5      | Entered Level 5 of the Dungeon
  7207 | D:5      | Found a sand-covered staircase.
  7280 | Ossuary  | Entered an ossuary
  7749 | Ossuary  | Reached XP level 8. HP: 56/60 MP: 5/15
  8125 | D:5      | Reached skill level 5 in Spellcasting
  8125 | D:5      | Reached skill level 1 in Necromancy
  8316 | D:5      | Found an opulent altar of Gozag.
  8438 | D:5      | Reached *** piety under Qazlal
  8700 | D:5      | Found a shimmering blue altar of Sif Muna.
  9155 | D:6      | Reached skill level 1 in Invocations
  9537 | D:6      | Reached skill level 1 in Long Blades
  9562 | D:6      | Slain by an acid dragon

Illustrated notes

Levels and vault maps discovered:
D:1:      dpeg_arrival_renting, layout_rooms, lexackson_kobold_supper
D:2:      wander_river, layout_basic, shapermc_ecumenical_altar_mp_highgroup,
          amcnicky_mini_rare_corridor_liquid, uniq_robin
D:3:      minmay_inner_zag, layout_loops_corners,
          mainiacjoe_overflow_six_doors_small, hex_large, grunt_ministairs_7,
          hex_tiny, serial_bayou_crossing, uniq_terence
D:4:      minmay_octagon_keep, layout_basic, serial_shops,
          nicolae_shop_overgrown_old_shop, uniq_ijyb
D:5:      layout_loops_ring, tgw_sif, lemuel_doored_altar,
          nicolae_ossuary_entry_catacombs, chequers_serial_rivers_large_b,
          minmay_fountain_box
D:6:      layout_loops_corners

Skill      XL: |  1  2  3  4  5  6  7  8 |
---------------+-------------------------+-----
Translocations | 1 2 3 |  3.3
Dodging        | 2 3 |  3.4
Fighting       | 1 2 3 4 |  4.7
Armour         | 1 2 3 |  3.1
Summonings     | 2 3 |  3.6
Conjurations   | 2 3 |  3.4
Spellcasting   | 4 5 |  5.3
Necromancy     | 2 |  2.3
Invocations    | 1 |  1.3
Long Blades    | 1 |  1.0
Stealth        | |  1.8

Action                   |  1- 3 |  4- 6 |  7- 9 || total
-------------------------+-------+-------+-------++-------
Melee: Dagger            |    87 |    68 |       ||   155
       Long sword        |       |    32 |   123 ||   155
       Punch             |       |       |     3 ||     3
 Cast: Magic Dart        |    80 |   106 |   123 ||   309
       Call Imp          |     4 |    28 |    41 ||    73
       Blink             |       |       |     1 ||     1
  Use: Scroll            |       |       |     9 ||     9
       Potion            |       |       |     1 ||     1
Armor: Robe              |    21 |    16 |    23 ||    60
Dodge: Dodged            |    57 |    48 |    69 ||   174
Block: Other             |     6 |    25 |    48 ||    79
